Map: Lerilak Crest

Players

juhyg

  • Race: Zerg Zerg
  • League: Bronze

Elderbury - Winner!

  • Race: Terran Terran

VOD

Have the link to the VOD?

Description

Time

  • Played on: Feb. 7, 2016, 5:17 p.m.
  • Length: 11:13
Show
View Real Time Build Order
Export as new Build Order

juhyg Zerg 

Build Orders: Pool First 

Get SALT Encoding   

  12  0:07  Drone  
  12  0:08  Drone  
  14  0:27  Spawning Pool  
  13  0:33  Drone  
  14  0:54  Overlord  
  14  1:07  Drone, Extractor  
  14  1:15  Queen  
  14  1:17  Drone x2  
  18  1:19  Drone  
  19  1:35  Drone  
  20  1:44  Drone  
  21  2:06  Hatchery  
  20  2:21  Roach Warren  
  19  2:25  Drone  
  19  2:26  Drone  
  19  2:29  Drone  
  22  2:30  Overlord x3  
  22  2:59  Zergling x4  
  22  3:00  Zergling x6  
  27  3:05  Extractor  
  27  3:08  Metabolic Boost  
  26  3:21  Drone  
  26  3:22  Drone x2  
  26  3:24  Queen  
  31  3:30  Drone x3  
  34  3:37  Roach x2  
  34  3:40  Drone  
  39  3:49  Lair  
  39  3:55  Drone x3  
  42  4:05  Drone x4  
  46  4:19  Drone x2  
  48  4:30  Drone x2  
  50  4:32  Drone x2  
  52  4:40  Overlord x4  
  52  4:41  Overlord  
  52  4:53  Overseer x2  
  52  4:59  Extractor  
  51  5:03  Roach x3  
  51  5:05  Roach x4  
  65  5:17  Roach x4  
  60  5:40  Roach x5  
  60  5:41  Roach x2  
  62  5:44  Queen  
  56  6:00  Zergling x8  
  44  6:25  Zergling x6  
  43  6:26  Zergling x4  
  43  6:28  Queen  
  46  6:38  Zergling x6  
  44  7:04  Roach x4  
  52  7:17  Zergling x10  
  57  7:24  Zergling x2  
  57  7:25  Zergling x2  
  59  7:46  Zergling x10  
  59  7:47  Zergling x6  
  55  8:18  Zergling x2  
  55  8:19  Zergling x10  
  46  8:33  Zergling x4  
  46  8:34  Zergling x8  
  48  8:57  Zergling x8  
  47  9:12  Zergling x4  
  49  9:25  Zergling x2  
  49  9:26  Zergling x2  
  42  9:43  Roach x4  
  47  9:52  Hatchery  
  47  9:55  Zergling x6  
  47  9:56  Zergling x8  
  53  10:05  Zergling x2  
  54  10:13  Hatchery  
  53  10:16  Hatchery  
  52  10:23  Zergling x6  
  52  10:24  Zergling x10  
  60  10:32  Zergling x2  
  60  10:33  Zergling x4  
  63  10:46  Roach  
  63  10:47  Roach x2  
Show
View Real Time Build Order
Export as new Build Order

Elderbury Terran - Winner!

Build Orders: MMM Bio 

Get SALT Encoding   

  12  0:01  SCV  
  13  0:13  SCV  
  14  0:18  Supply Depot  
  14  0:25  SCV  
  15  0:40  SCV  
  16  0:48  Barracks  
  16  0:50  Supply Depot  
  16  0:52  SCV  
  17  0:59  Refinery  
  17  1:04  SCV  
  18  1:16  SCV  
  19  1:28  SCV  
  19  1:29  Barracks  
  20  1:39  Marine  
  21  1:44  Orbital Command  
  21  1:59  Barracks Tech Lab  
  21  2:06  Barracks  
  21  2:11  SCV  
  22  2:18  Stimpack  
  22  2:21  Marauder  
  24  2:23  SCV  
  25  2:36  SCV  
  26  2:41  Barracks Tech Lab  
  26  2:42  Marauder  
  28  2:48  SCV  
  28  2:57  Barracks Reactor  
  28  3:00  SCV  
  29  3:14  Concussive Shells  
  29  3:19  SCV  
  30  3:24  Refinery  
  30  3:31  Supply Depot  
  30  3:33  Marine  
  31  3:35  Supply Depot  
  31  3:50  Supply Depot x2  
  31  3:53  Marauder, Marine x2, SCV  
  31  3:55  Supply Depot  
  36  3:59  Marauder  
  38  4:05  SCV  
  39  4:11  Marine x2  
  39  4:15  Marauder  
  43  4:17  SCV  
  43  4:21  Marauder  
  46  4:28  Marine x2  
  46  4:29  SCV  
  49  4:36  Marauder  
  51  4:42  Marauder  
  53  4:46  Marine x2  
  53  4:52  Command Center  
  55  4:56  Supply Depot  
  55  4:58  Marauder  
  57  5:02  Combat Shields  
  57  5:04  Marauder, Marine  
  60  5:13  SCV  
  61  5:19  Marauder  
  62  5:25  Marauder, SCV  
  54  5:47  Marine x2  
  54  5:48  Marauder x2  
  56  6:11  Marauder, Marine x2  
  55  6:12  Marauder  
  54  6:28  Marine x2  
  53  6:33  Marauder x2  
  55  6:46  Marine x2  
  53  6:54  Marauder x2  
  49  7:04  Marine x2  
  53  7:16  Marauder x2  
  53  7:22  Marine x2  
  57  7:27  Engineering Bay  
  57  7:30  Factory  
  57  7:36  Marine x2  
  57  7:37  Barracks  
  58  7:39  Supply Depot  
  59  7:48  Orbital Command  
  59  7:55  Marauder x2  
  63  7:59  Refinery x2  
  63  8:02  Supply Depot  
  56  8:23  Marine x4  
  59  8:41  Marine x4  
  63  8:53  Factory Tech Lab  
  63  8:54  Barracks Reactor  
  63  8:58  Marine  
  63  8:59  Marine  
  65  9:09  SCV  
  67  9:10  SCV  
  67  9:13  Marine  
  67  9:14  Marine  
  69  9:21  SCV  
  69  9:22  SCV, Siege Tank  
  74  9:30  Starport  
  74  9:37  Supply Depot  
  72  9:39  Supply Depot  
  72  9:53  Marine x2  
  72  9:54  Marine  
  72  9:55  Marine  
  72  9:56  Marauder  
  72  9:58  Siege Tank  
  81  10:12  Missile Turret  
  81  10:13  Missile Turret  
  81  10:16  Starport Reactor  
  81  10:18  Marauder, Command Center  
  83  10:27  SCV x2  
  85  10:31  Marine  
  86  10:39  SCV  
  87  10:47  Missile Turret  
  87  10:51  Marine x2  
Tags
 
Composition
MMM Bio
League
Bronze
Matchup
TvZ
Opening
Pool First
Add a new tag
Caveats
  • Supply blocks, unpowered buildings, or Contaminate may cause inaccurate times.
  • Supply counts are checked every 10 seconds.